 Dungeon Crawl Stone Soup version 0.17-a0-488-g0a147b9 (webtiles) character file.

3039 vidarsk the Chiller (level 9, -4/63 HPs)
             Began as a Mummy Ice Elementalist on Apr 9, 2015.
             Was an Initiate of Gozag.
             Shot with a sling bullet by Joseph (7 damage)
             ... on level 8 of the Dungeon.
             The game lasted 00:52:15 (7965 turns).

vidarsk the Chiller (Mummy Ice Elementalist)        Turns: 7965, Time: 00:52:16

Health: -4/63      AC:  8    Str: 11    XL:     9   Next: 56%
Magic:  13/18      EV:  7    Int: 17    God:    Gozag
Gold:   1059       SH:  0    Dex: 12    Spells: 3 memorised, 13 levels left

rFire  x . .     SeeInvis .     b - +1 hunting sling (flame)
rCold  + + .     Clarity  .     g - +2 robe {rC+}
rNeg   + + +     SustAb   .     (no shield)
rPois  ∞         Gourm    .     (no helmet)
rElec  .         Spirit   .     y - +2 cloak
rCorr  .         Warding  .     (no gloves)
rMut   .         Stasis   .     z - +0 pair of boots {Fly}
MR     +....                    (no amulet)
Stlth  +.........               (no ring)
                                (no ring)

@: confused, flying, somewhat resistant to hostile enchantments, very unstealthy
A: no food or potions, fire vulnerability, cold resistance 1, negative energy
resistance 3, torment resistance, unbreathing
a: Potion Petition, Call Merchant, Bribe Branch, Renounce Religion, Stop Flying


You were on level 8 of the Dungeon.
You worshipped Gozag.
Gozag was noncommittal.
You were not hungry.

You visited 1 branch of the dungeon, and saw 8 of its levels.
You also visited: Sewer.

You collected 1435 gold pieces.
You spent 270 gold pieces at shops.
You paid 106 gold pieces to Gozag.

Inventory:

Hand weapons
 a - a +2 dagger of speed
 b - a +1 hunting sling of flaming (weapon)
 k - a cursed -1 whip
 l - a +1 flail of protection
 s - a +3 falchion
 C - a +0 blowgun
 G - a cursed -2 falchion
 K - a +0 greatsling
Missiles
 c - 139 stones (quivered)
 o - 5 tomahawks of returning
 v - 5 needles of confusion
 B - 32 poisoned needles
Armour
 e - a +0 leather armour of positive energy
 g - a +2 robe of cold resistance (worn)
 u - a +0 buckler
 y - a +2 cloak (worn)
 z - a +0 pair of boots of flying (worn)
 D - a +0 fire dragon armour
Magical staves
 J - an uncursed staff of summoning
Magical devices
 q - a wand of disintegration (15)
 t - a wand of disintegration (8)
 E - a wand of fireball (11)
 H - a wand of lightning (8)
Scrolls
 d - 6 scrolls of identify {unknown}
 h - 3 scrolls of teleportation {unknown}
 i - a scroll of immolation {unknown}
 j - a scroll of enchant armour {unknown}
 m - a scroll of blinking {unknown}
 p - a scroll of amnesia {unknown}
 r - 2 scrolls of random uselessness {unknown}
 w - a scroll of fog {unknown}
 x - 2 scrolls of remove curse {unknown}
 F - a scroll of noise {unknown}
Books
 f - a book of Frost

   Spells                             Type                      Level
   a - Freeze                         Ice                          1
   b - Throw Frost                    Conjuration/Ice              2
   c - Ozocubu's Armour               Charms/Ice                   3
   d - Throw Icicle                   Conjuration/Ice              4
   e - Summon Ice Beast               Ice/Summoning                4
   f - Condensation Shield            Ice                          4
 n - a Grand Grimoire {highlevel, unknown}

   This book is beyond your current level of understanding.

   Spells                             Type                      Level
   a - Aura of Abjuration             Summoning                    6
   b - Summon Greater Demon           Summoning                    7
   c - Malign Gateway                 Summoning/Translocation      7
   d - Summon Horrible Things         Summoning                    8
 A - a book of Burglary

   Spells                             Type                      Level
   a - Swiftness                      Charms/Air                   2
   b - Passwall                       Transmutation/Earth          3
   c - Passage of Golubria            Translocation                4
   d - Lee's Rapid Deconstruction     Earth                        5
   e - Invisibility                   Hexes                        6
   f - Darkness                       Hexes                        7
 I - a book of Callings

   Spells                             Type                      Level
   a - Summon Small Mammal            Summoning                    1
   b - Call Imp                       Summoning                    2
   c - Call Canine Familiar           Summoning                    3
   d - Summon Guardian Golem          Hexes/Summoning              3
   e - Summon Lightning Spire         Summoning/Air                4
   f - Summon Ice Beast               Ice/Summoning                4


   Skills:
 - Level 3.0 Fighting
 - Level 4.0 Slings
 - Level 2.0 Dodging
 - Level 2.0 Stealth
 + Level 6.0 Spellcasting
 - Level 6.1 Conjurations
 - Level 6.1 Ice Magic


You had 13 spell levels left.
You knew the following spells:

 Your Spells              Type           Power        Failure   Level  Hunger
a - Freeze                Ice            ####         1%          1    N/A
b - Throw Frost           Conj/Ice       ####..       1%          2    N/A
c - Throw Icicle          Conj/Ice       ####....     12%         4    N/A

Dungeon Overview and Level Annotations

Branches:
Dungeon (8/15)             Temple (0/1) D:4
   Lair: D:8-11

Altars:
Cheibriados
Fedhas
Gozag
Nemelex Xobeh

Shops:
D:5 [

Annotations:
D:8 Erica, Joseph


Innate Abilities, Weirdness & Mutations

You do not eat or drink.
Your flesh is vulnerable to fire.
You are immune to poison.
Your flesh is cold resistant.
You are immune to negative energy.
You are immune to unholy pain and torment.
You can survive without breathing.


Message History

Joseph zaps a wand.
Your will is overpowered!
You are more confused.
Firing (i - inventory. (,) - cycle):
c - 140 stones (quivered)
Press: ? - help, Shift-Dir - straight line, f/p - Joseph
Aim: Joseph, wielding a quarterstaff, wearing a leather armour and carrying a wand of enslavement {zapped: 11} (severely wounded)
You shoot a stone.
Joseph hits you with an uncursed quarterstaff!
* * * LOW HITPOINT WARNING * * *
Joseph unwields an uncursed quarterstaff.
Joseph wields an uncursed hunting sling of flaming.
It bursts into flame!
Joseph shoots a sling bullet.
The sling bullet barely misses you.
There is a stone staircase leading up here.
Things that are here:
a stone; 2 sling bullets Joseph shoots a sling bullet.
The sling bullet hits you!
* * * LOW HITPOINT WARNING * * *
The sling bullet burns you!
You die...
Your body crumbles into a pile of gold.

.. #.###
#.#.. #.#.#
#.#.# .#.##
...#.###(((#
.......@(.(#
...#.###.@(#
#####


You could see Joseph.

Vanquished Creatures
  A wyvern (D:7)
  2 hungry ghosts (D:7)
  Purgy (Sewer)
  2 black bears (D:7)
  2 centaurs
  An orc warrior (D:6)
  A necrophage (D:6)
  A sky beast (D:5)
  3 ogres
  A big kobold (D:7)
  2 giant frogs
  3 killer bees (D:7)
  A scorpion (D:5)
  3 giant frog zombies
  A crimson imp (D:7)
  A goliath beetle (D:7)
  A jelly (D:7)
  Crazy Yiuf (D:5)
  4 orc priests
  Ijyb (D:3)
  5 orc wizards
  2 hounds
  Terence (D:3)
  3 iguanas
  7 worker ants
  A hound skeleton (D:4)
  10 gnolls
  2 river rats (D:6)
  10 adders
  A worm (D:5)
  An adder zombie (D:7)
  An adder skeleton (D:5)
  2 oozes
  22 orcs
  A bat skeleton (D:4)
  6 giant cockroaches
  19 goblins
  21 hobgoblins
  26 jackals
  2 quokkas
  2 ball pythons (D:6)
  10 bats
  8 giant geckos
  6 giant newts
  A jackal skeleton (D:4)
  27 kobolds
  A quokka zombie (D:5)
  10 rats
241 creatures vanquished.

Notes
Turn   | Place    | Note
--------------------------------------------------------------
     0 | D:1      | vidarsk, the Mummy Ice Elementalist, began the quest for the Orb.
     0 | D:1      | Reached XP level 1. HP: 13/13 MP: 3/3
   136 | D:1      | Reached XP level 2. HP: 10/20 MP: 1/5
   735 | D:1      | Reached XP level 3. HP: 20/25 MP: 3/6
   887 | D:2      | Reached skill level 1 in Fighting
  1008 | D:2      | Reached skill level 3 in Ice Magic
  1039 | D:2      | Found an opulent altar of Gozag.
  1528 | D:3      | Found a snail-covered altar of Cheibriados.
  1529 | D:3      | Noticed Terence
  1538 | D:3      | Killed Terence
  1538 | D:3      | Reached XP level 4. HP: 13/32 MP: 0/8
  1747 | D:3      | Noticed an ogre
  2068 | D:2      | Became a worshipper of Gozag Ym Sagoz the Greedy
  2092 | D:2      | Reached XP level 5. HP: 33/37 MP: 6/9
  2277 | D:3      | Learned a level 2 spell: Throw Frost
  2397 | D:3      | Killed an ogre
  2397 | D:3      | Reached skill level 4 in Ice Magic
  2491 | D:3      | Reached skill level 1 in Conjurations
  2562 | D:3      | Reached XP level 6. HP: 41/43 MP: 9/11
  2654 | D:3      | Noticed Ijyb
  2671 | D:3      | Killed Ijyb
  3511 | D:4      | Found a staircase to the Ecumenical Temple.
  4212 | D:5      | Entered Level 5 of the Dungeon
  4217 | D:5      | Reached XP level 7. HP: 43/48 MP: 9/13
  4333 | D:5      | Found a blossoming altar of Fedhas.
  4350 | D:5      | Found Oraukh's Antique Armour Shop.
  4373 | D:5      | Bought a glowing cloak for 135 gold pieces
  4373 | D:5      | Bought a pair of runed boots for 135 gold pieces
  4424 | D:5      | Reached skill level 5 in Spellcasting
  4518 | D:5      | Noticed Crazy Yiuf
  4525 | D:5      | Paralysed by Crazy Yiuf for 6 turns
  4531 | D:5      | Killed Crazy Yiuf
  5118 | D:5      | Reached skill level 6 in Spellcasting
  5510 | D:5      | Reached XP level 8. HP: 54/54 MP: 12/17
  5597 | D:5      | Found a sparkling altar of Nemelex Xobeh.
  5631 | D:6      | Reached skill level 5 in Ice Magic
  5900 | D:6      | Found a glowing drain.
  5919 | Sewer    | Entered a sewer
  5996 | Sewer    | Noticed Purgy
  6015 | Sewer    | Killed Purgy
  6257 | D:6      | Reached skill level 1 in Slings
  6772 | D:7      | Reached XP level 9. HP: 58/63 MP: 11/18
  7240 | D:7      | Reached skill level 5 in Conjurations
  7520 | D:7      | Found a sparkling altar of Nemelex Xobeh.
  7595 | D:8      | Noticed Erica
  7665 | D:8      | Noticed Joseph
  7756 | D:7      | Learned a level 4 spell: Throw Icicle
  7965 | D:8      | HP: 3/63 [Joseph/sling bullet (10)]
  7965 | D:8      | Shot with a sling bullet by Joseph

Action                   |  1- 3 |  4- 6 |  7- 9 || total
-------------------------+-------+-------+-------++-------
Melee: Unarmed           |     4 |       |       ||     4
       Dagger            |    46 |    22 |       ||    68
 Fire: Hunting sling     |     2 |   147 |   373 ||   522
 Cast: Freeze            |    68 |    82 |   177 ||   327
       Throw Frost       |       |       |     3 ||     3
       Throw Icicle      |       |       |     1 ||     1
